 Dungeon Sprint DCSS version 0.21.0-37-g46506fa (webtiles) character file.

11 Charmandara the Ruffian (level 2, 0/23 HPs)
             Began as a Draconian Transmuter on Feb 1, 2018.
             Slain by a wolf (11 damage)
             ... in the Dungeon (Sprint III: "The Ten Rune Challenge").
             The game lasted 00:00:30 (63 turns).

Charmandara the Ruffian (Draconian Transmuter)        Turns: 63, Time: 00:00:31

Health: 0/23       AC:  4    Str: 12    XL:     2   Next: 13%
Magic:  3/5        EV: 12    Int: 13    God:
Gold:   0          SH:  0    Dex: 11    Spells: 2/5 levels left

rFire    . . .     SeeInvis .     - Unarmed
rCold    . . .     Gourm    .   (no shield)
rNeg     . . .     Faith    .   (armour unavailable)
rPois    .         Spirit   .   (helmet restricted)
rElec    .         Reflect  .   (no cloak)
rCorr    .         Harm     .   (no gloves)
MR       .....     NoTele   +   (boots currently unavailable)
Stlth    +.........             (no amulet)
HPRegen  0.07/turn              (no ring)
MPRegen  0.09/turn              (no ring)

@: appendage (expiring)
A: unfitting armour, talons 3, cold-blooded, AC +4
a: End Transformation


You were in the Dungeon.
You were not hungry.
You had grown temporary talons.
You visited 1 branch

Inventory:

Missiles
 a - 11 arrows
Scrolls
 i - a scroll of blinking {!r}
 k - a scroll of fear {unknown}
Potions
 d - a potion of curing
 e - a potion of heal wounds
 f - a potion of haste
 g - 2 potions of magic
 h - a potion of berserk rage {!q}
Books
 b - a book of Changes
Comestibles
 c - a ration {@e1}
 j - a chunk of flesh {@w0}


   Skills:
 - Level 1.1 Fighting
 - Level 1.7 Dodging
 + Level 5.3 Unarmed Combat
 - Level 2.0 Spellcasting
 - Level 2.0 Transmutations


You had 2 spell levels left.
You knew the following spells:

 Your Spells              Type           Power        Failure   Level  Hunger
a - Beastly Appendage     Tmut           #.....       11%         1    ##.....
s - Sticks to Snakes      Tmut           #.......     17%         2    ###....


Dungeon Overview and Level Annotations

Branches:
Dungeon (1/1)

Altars:


Innate Abilities, Weirdness & Mutations

Your plain brown scales are hard. (AC +4)
You cannot fit into any form of body armour.
You are cold-blooded and may be slowed by cold attacks.
You have claws for feet.


Message History

Welcome, Charmandara the Draconian Transmuter.
Found a staircase leading out of the dungeon.
As you open the door, it creaks loudly!
An ooze comes into view.
The ooze quivers.
You miscast Beastly Appendage.
You are very lightly contaminated with residual magic.
Nothing appears to happen.
An ooze comes into view.
You now have 2/3 mp.
You hit the ooze.
You tail-slap the ooze, but do no damage.
You hit the ooze. The ooze hits you but does no damage.
You hit the ooze. The ooze misses you.
You barely miss the ooze. The ooze closely misses you.
You hit the ooze. The ooze barely misses you.
You hit the ooze but do no damage.
You tail-slap the ooze, but do no damage.
The ooze closely misses you.
You hit the ooze but do no damage. The ooze barely misses you.
You hit the ooze.
You kill the ooze!
Your Unarmed Combat skill increases to level 4!
You hit the ooze but do no damage. The ooze misses you.
You hit the ooze. The ooze barely misses you.
You punch the ooze! The ooze barely misses you.
You punch the ooze!
You kill the ooze!
Your Unarmed Combat skill increases to level 5!
You have reached level 2!
Health restored: 23
There is an open door here.
You see here a chain mail.
You open the door.
A rat comes into view.
A rat comes into view.
The rat barely misses you.
There is an open door here.
You hit the rat.
You kill the rat!
Your magical contamination has completely faded away.
The rat bites you but does no damage.
You closely miss the rat. The rat misses you.
MP restored: 5 You hit the rat.
The rat closely misses you.
You hit the rat.
You kill the rat!
You see here a rat corpse.
You butcher the rat corpse.
j - a chunk of flesh {@w0}
k - a scroll labeled POONUQ ZIRI
Okay, then.
You open the door.
There is an open door here.
Your feet morph into talons.
You now have 4/5 mp.
Your transformation is almost over.
There is an open door here.
Memorise Sticks to Snakes, consuming 2 spell levels and leaving 2?
You start memorising the spell.
You continue memorising. x2
You finish memorising.
Spell assigned to 's'.
There is an open door here.
MP restored: 5 Your talons disappear.
Your feet morph into talons.
You now have 4/5 mp.
Unknown command.
A wolf comes into view.
The wolf howls!
You create a snake!
You now have 11 arrows.
You now have 2/5 mp.
Unknown command.
You hit the wolf but do no damage. Your kick misses the wolf.
The wolf bites you. x2
You take 12 damage, and have 11/23 hp.
MASSIVE DAMAGE!!
You closely miss the wolf. You claw the wolf, but do no damage.
Your transformation is almost over.
The wolf misses you.
Your ball python misses the wolf.
Your ball python closely misses the wolf.
You hit the wolf but do no damage. The wolf closely misses you.
Your ball python barely misses the wolf.
Your ball python grabs the wolf.
Your ball python constricts the wolf.
The wolf bites you!
You die...

▓▓▓▓ ▓<.#
+....♣♣♣ ▓..#
#......♣
▓#'####....♣.♣
▓.....#....≈♣
▓.....#...≈≈♣♣
▓....[#..≈≈≈≈♣.
▓####'#hS≈≈≈≈≈≈
▓.....#@≈≈≈≈≈≈.
▓.....#.≈≈≈≈≈..
▓.....#.≈≈≈....
▓'#####........
▓..............
▓▓▓▓▓▓▓▓▓▓▓▓▓▓▓


You could see a wolf and a friendly ball python.

Vanquished Creatures
  2 oozes (D)
  2 rats (D)
4 creatures vanquished.

Vanquished Creatures (others)
  A yaktaur (D)
1 creature vanquished.

Grand Total: 5 creatures vanquished

Notes
Turn   | Place    | Note
-------+----------+-------------------------------------------
     0 | D        | Charmandara the Draconian Transmuter began the quest for the Orb.
     0 | D        | Reached XP level 1. HP: 16/16 MP: 3/3
    10 | D        | Reached skill level 4 in Unarmed Combat
    14 | D        | Reached skill level 5 in Unarmed Combat
    14 | D        | Reached XP level 2. HP: 23/23 MP: 3/5
    14 | D        | Killed a yaktaur
    48 | D        | Learned a level 2 spell: Sticks to Snakes
    63 | D        | Slain by a wolf

Skill      XL: |  1 |
---------------+----+-----
Unarmed Combat | 5 |  5.3
Fighting       | |  1.1
Dodging        | |  1.7
Spellcasting   | |  2.0
Transmutations | |  2.0

Action                   || total
-------------------------++-------
Melee: Unarmed           ||    19
       Tailslap          ||     2
       Kick              ||     1
 Cast: Beastly Appendage ||     2
       Sticks to Snakes  ||     1
Armor: Skin              ||     2
Dodge: Dodged            ||    13

Vault maps used:
D:        dungeon_sprint_mu

Table legend:
 A = Turns spent in this place as a percentage of turns spent in the entire game.
 B = Non-inter-level travel turns spent in this place as a percentage of non-inter-level travel turns spent in the entire game.
 C = Inter-level travel turns spent in this place as a percentage of turns spent in this place.
 D = Turns resting spent in this place as a percentage of non-inter-level travel turns spent in this place.
 E = Turns spent auto-exploring this place as a percentage of non-inter-level travel turns spent in this place.
 F = Non-inter-level travel turns spent in this place divided by the number of levels of this place that you've seen.
                   A       B       C       D       E      F
               +-------+-------+-------+-------+-------+----------------------
         Total | 100.0 | 100.0 |   0.0 |   0.0 |   0.0 |  63.0
       Dungeon | 100.0 | 100.0 |   0.0 |   0.0 |   0.0 |  63.0
               +-------+-------+-------+-------+-------+----------------------

Table legend:
 A = Kills in this place as a percentage of kills in entire the game.
 B = Kills by you in this place as a percentage of kills by you in the entire game.
 C = Kills by friends in this place as a percentage of kills by friends in the entire game.
 D = Other kills in this place as a percentage of other kills in the entire game.
 E = Experience gained in this place as a percentage of experience gained in the entire game.
 F = Experience gained in this place divided by the number of levels of this place that you have seen.
                   A       B       C       D       E      F
               +-------+-------+-------+-------+-------+----------------------
         Total | 100.0 | 100.0 |   N/A |   N/A | 100.0 |  16.0
       Dungeon | 100.0 | 100.0 |   N/A |   N/A | 100.0 |  16.0
               +-------+-------+-------+-------+-------+----------------------
